Map: Galactic Process LE

Players

DrakkZerat - Winner!

  • Race: Zerg Zerg
  • League: Gold

Locke

  • Race: Terran Terran
  • League: Gold

VOD

Have the link to the VOD?

Description

ZvX Ling Rush.

Time

  • Played on: Sept. 23, 2016, 10:42 p.m.
  • Length: 5:17
Show
View Real Time Build Order
Export as new Build Order

DrakkZerat Zerg - Winner!

Build Orders: 3 Hatch before Pool 

Get SALT Encoding   

  12  0:01  Drone  
  13  0:13  Overlord  
  13  0:27  Drone  
  14  0:32  Drone x2  
  16  0:38  Drone  
  17  0:55  Drone  
  18  1:00  Drone  
  18  1:02  Hatchery  
  18  1:13  Drone  
  19  1:26  Hatchery  
  18  1:33  Drone x2  
  20  1:45  Spawning Pool  
  19  1:48  Extractor  
  18  2:04  Overlord x3  
  18  2:31  Zergling x4  
  18  2:32  Zergling x4  
  22  2:41  Zergling x6  
  25  2:48  Metabolic Boost  
  25  2:50  Zergling x6  
  28  2:57  Zergling x2  
  29  2:59  Zergling x2  
  29  3:00  Zergling x2  
  31  3:09  Baneling Nest  
  31  3:10  Zergling x2  
  31  3:12  Zergling x2  
  32  3:15  Zergling x2  
  32  3:19  Zergling x2  
  33  3:42  Zergling x10  
  33  3:43  Zergling x2  
  38  3:51  Zergling x4  
  38  3:54  Zergling x2  
  38  4:01  Zergling x2  
  38  4:02  Zergling x2  
  34  4:10  Zergling x4  
  34  4:18  Zergling x4  
  36  4:27  Zergling x4  
  37  4:36  Zergling x2  
  37  4:37  Zergling x4  
  36  4:46  Zergling x4  
  36  4:51  Zergling x2  
  36  4:52  Zergling x2  
Show
View Real Time Build Order
Export as new Build Order

Locke Terran 

Build Orders: Reaper Expand 

Get SALT Encoding   

  12  0:01  SCV  
  13  0:14  Supply Depot  
  13  0:18  SCV  
  14  0:30  SCV  
  15  0:42  SCV, Barracks  
  16  0:54  Refinery, SCV  
  17  1:00  Supply Depot  
  17  1:09  SCV  
  18  1:21  SCV  
  19  1:34  Supply Depot  
  19  1:46  Barracks  
  19  1:47  Barracks Reactor  
  19  2:00  Command Center  
  19  2:08  Orbital Command  
  19  2:26  Refinery  
  19  2:31  Reaper x2  
  21  2:40  Supply Depot  
  21  2:47  Barracks Tech Lab  
  22  2:51  SCV  
  22  3:03  SCV  
  22  3:04  Marine x2  
  25  3:20  Supply Depot  
  25  3:21  Marauder  
  25  3:22  Marine x2  
  26  3:40  Orbital Command  
  26  3:42  SCV  
  26  3:43  Marauder  
  28  3:54  SCV  
  28  4:21  Supply Depot  
  19  4:38  SCV  
  19  4:41  Orbital Command  
  12  4:50  SCV, Marine  
  12  4:52  Marauder  
  5  5:02  SCV  
Tags
 
Add a new tag
Caveats
  • Supply blocks, unpowered buildings, or Contaminate may cause inaccurate times.
  • Supply counts are checked every 10 seconds.